 Dungeon Crawl Stone Soup version 0.29-a0-322-g68df515428 (webtiles) character file.

Game seed: 13108328785190434304

545 dianekeaton the Basher (level 7, -3/57 HPs)
             Began as a Minotaur Fighter on Apr 9, 2022.
             Slain by a yak (13 damage)
             ... on level 5 of the Dungeon.
             The game lasted 00:08:44 (3589 turns).

dianekeaton the Basher (Minotaur Fighter)           Turns: 3589, Time: 00:08:47

Health: -3/57      AC: 16    Str: 23    XL:     7   Next: 6%
Magic:  6/6        EV:  6    Int:  5    God:
Gold:   124        SH:  6    Dex:  9    Spells: 6/6 levels left

rFire   . . .      SeeInvis .   m - +0 mace (protect)
rCold   . . .      Faith    .   c - +2 buckler
rNeg    . . .      Spirit   .   u - +0 plate armour
rPois   .          Reflect  .   (helmet restricted)
rElec   .          Harm     .   l - +0 cloak
rCorr   .          Rampage  .   (no gloves)
Will    .....                   (no boots)
Stlth   ..........              (no amulet)
HPRegen 0.19/turn               g - +4 ring of protection
MPRegen 0.10/turn               (no ring)

@: no status effects
A: horns 2, retaliatory headbutt
a: no special abilities


You were on level 5 of the Dungeon.
You visited 1 branch of the dungeon, and saw 5 of its levels.

You collected 124 gold pieces.

Inventory:

Hand Weapons
 m - a +0 mace of protection (weapon)
Armour
 c - a +2 buckler (worn)
 l - a +0 cloak (worn)
 u - a +0 plate armour (worn)
Jewellery
 g - a +4 ring of protection (left hand)
Wands
 q - a wand of flame (9) (quivered)
Scrolls
 a - 3 scrolls of silence {unknown}
 f - 3 scrolls of identify
 p - a scroll of fog
 r - a scroll of fear {unknown}
 s - a scroll of enchant weapon {unknown}
 t - a scroll of vulnerability {unknown}
Potions
 d - a potion of might
 i - a potion of lignification
 j - a potion of magic
 k - a potion of curing {unknown}
 n - a potion of mutation
 o - a potion of brilliance


   Skills:
 - Level 3.6 Fighting
 + Level 9.3 Maces & Flails
 + Level 0.2 Throwing
 - Level 3.6 Armour
 - Level 0.1 Dodging
 - Level 3.6 Shields


You had 6 spell levels left.
You didn't know any spells.
Your spell library contained the following spells:

 Spells                   Type           Power      Damage    Failure   Level
 Foxfire                  Conj/Fire      0%         2x1d4     100%        1
 Sting                    Tmut/Pois      0%         1d3       100%        1
 Summon Small Mammal      Summ           0%         N/A       100%        1
 Poisonous Vapours        Pois/Air       0%         N/A       100%        2
 Call Canine Familiar     Summ           0%         N/A       100%        3
 Conjure Flame            Conj/Fire      0%         6-21      100%        3
 Dazzling Flash           Conj/Hex       0%         N/A       100%        3
 Inner Flame              Hex/Fire       0%         N/A       100%        3
 Summon Guardian Golem    Hex/Summ       0%         N/A       100%        3
 Flame Wave               Conj/Fire      0%         2d4       100%        4
 Olgreb's Toxic Radiance  Pois           0%         N/A       100%        4
 Agony                    Necr           0%         N/A       100%        5
 Silence                  Hex/Air        0%         N/A       100%        5


Dungeon Overview and Level Annotations

Branches:
Dungeon (5/15)
 Temple: D:4-7

Altars:
Hepliaklqana
Wu Jian
Xom
The Shining One

Annotations:
D:3 2 runed translucent doors, sirJeffrey23's ghost, weakling DsMo
D:4 Grinder


Innate Abilities, Weirdness & Mutations

You have a pair of horns on your head.
You reflexively headbutt those who attack you in melee.


Message History

You headbutt the yak.
You kill the yak!
Your Maces & Flails skill increases to level 9!
You have reached level 7!
Aiming: Throw Flame
Press: ? - help, Q - select action Shift-Dir - straight line, f - yak
Aim: a yak (lightly wounded, 81% to hit)
The puff of flame hits the yak.
The yak is lightly wounded.
The yak gores you but does no damage.
Aiming: Throw Flame
Press: ? - help, Q - select action Shift-Dir - straight line, f/p - yak
Aim: a yak (lightly wounded, 81% to hit)
The puff of flame hits the yak.
The yak is moderately wounded.
The yak gores you but does no damage. The yak barely misses you.
Aiming: Throw Flame
Press: ? - help, Q - select action Shift-Dir - straight line, f/p - yak
Aim: a yak (moderately wounded, 81% to hit)
The puff of flame hits the yak.
The yak is heavily wounded.
The yak gores you but does no damage. x2
Aiming: Throw Flame
Press: ? - help, Q - select action Shift-Dir - straight line, f/p - yak
Aim: a yak (heavily wounded, 81% to hit)
The puff of flame hits the yak!
The yak is severely wounded.
The yak gores you!
* * * LOW HITPOINT WARNING * * *
The yak gores you.
* * * LOW HITPOINT WARNING * * *
An orc comes into view. It is wielding a +0 flail.
The orc shouts!
Aiming: Throw Flame
Press: ? - help, Q - select action Shift-Dir - straight line, f/p - yak
Aim: a yak (severely wounded, 81% to hit)
The puff of flame hits the yak.
The yak is severely wounded.
The yak gores you!
You die...

...# #### .. .... . ...
##. #.# ### #..##.# #..
.....## # #.######o..##
###...........###### .##.#
#.........@YY#####.#
.##.###.##..######Y......#
........##..# #########
###.######..# # #... ...#
##### #####


You could see 3 yaks and an orc.

Vanquished Creatures
  2 yaks (D:5)
  2 jellies (D:4)
  A hound (D:2)
  An iguana (D:5)
  3 gnolls (D:3)
  4 adders
  2 worms
  A dart slug (D:2)
  3 orcs (D:3)
  5 ball pythons
  2 endoplasms
  2 giant cockroaches (D:2)
  10 goblins
  11 hobgoblins
  2 jackals (D:1)
  3 quokkas
  4 bats
  2 frilled lizards
  5 kobolds
  4 rats
69 creatures vanquished.

Notes
Turn   | Place    | Note
-------+----------+-------------------------------------------
     0 | D:1      | dianekeaton the Minotaur Fighter began the quest for the
                  | Orb.
     0 | D:1      | Reached XP level 1. HP: 19/19 MP: 0/0
   115 | D:1      | Reached skill level 3 in Maces & Flails
   165 | D:1      | Noticed an eye of devastation
   169 | D:1      | Found a faded altar of an unknown god.
   173 | D:1      | Noticed a golden eye
   187 | D:1      | Noticed an eye of devastation
   187 | D:1      | Noticed a great orb of eyes
   204 | D:1      | Reached XP level 2. HP: 26/26 MP: 1/1
   911 | D:2      | Reached skill level 4 in Maces & Flails
   911 | D:2      | Reached XP level 3. HP: 27/31 MP: 2/2
  1802 | D:2      | Reached skill level 5 in Maces & Flails
  1802 | D:2      | Reached XP level 4. HP: 32/39 MP: 3/3
  2173 | D:3      | Reached skill level 6 in Maces & Flails
  2400 | D:3      | Found a large runed translucent door.
  2400 | D:3      | Found a large runed translucent door.
  2418 | D:3      | Reached XP level 5. HP: 45/45 MP: 4/4
  2769 | D:3      | Noticed sirJeffrey23's ghost (weakling DsMo)
  2826 | D:4      | Found a shimmering altar of Xom.
  2834 | D:4      | Found an ornate altar of the Wu Jian Council.
  2894 | D:4      | Found a glowing golden altar of the Shining One.
  2926 | D:4      | Reached skill level 7 in Maces & Flails
  3011 | D:4      | Found a hazy altar of Hepliaklqana.
  3139 | D:4      | Noticed Grinder
  3175 | D:4      | Paralysed by Grinder for 4 turns
  3212 | D:5      | Entered Level 5 of the Dungeon
  3559 | D:5      | Noticed a yak
  3559 | D:5      | Noticed a yak
  3563 | D:5      | Noticed a yak
  3564 | D:5      | Noticed a yak
  3565 | D:5      | Noticed a yak
  3574 | D:5      | Killed a yak
  3575 | D:5      | Reached skill level 8 in Maces & Flails
  3575 | D:5      | Reached XP level 6. HP: 28/51 MP: 5/5
  3582 | D:5      | Killed a yak
  3583 | D:5      | Reached skill level 9 in Maces & Flails
  3583 | D:5      | Reached XP level 7. HP: 24/57 MP: 6/6
  3589 | D:5      | Slain by a yak

Illustrated notes

Levels and vault maps discovered:
D:1:      tarquinn_simple_flora_water_b, layout_loops_ring,
          hellmonk_ecumenical_altar_watching_god, minmay_misc_feat_ornament
D:2:      layout_basic, serial_curves, eino_curves_01, eino_curves_01,
          eino_curves_02, eino_curves_04, grunt_ministairs_14,
          amcnicky_mini_corridor_feature, minmay_joined_circles
D:3:      layout_basic, ebering_ghost_disaster_area
D:4:      layout_cave_pools, tso_metal_star, mainiacjoe_overflow_chevrons,
          nicolae_wu_jian_wuxing_cycle, general_overflow_altar,
          mainiacjoe_overflow_concentric_impassable, uniq_grinder
D:5:      layout_loops_corners, minmay_temple_entry_trees, serial_park_tiny_pond

Skill      XL: |  1  2  3  4  5  6 |
---------------+-------------------+-----
Maces & Flails | 3 4 5 6 8 9 |  9.3
Fighting       | |  3.6
Throwing       | |  0.2
Armour         | |  3.6
Dodging        | |  0.1
Shields        | |  3.6

Action                   |  1- 3 |  4- 6 |  7- 9 || total
-------------------------+-------+-------+-------++-------
Melee: Flail             |    53 |       |       ||    53
       Headbutt          |     6 |    21 |       ||    27
       Mace              |     7 |   106 |       ||   113
Throw: Throwing net      |       |     1 |       ||     1
Evoke: Wand              |       |       |     5 ||     5
  Use: Scroll            |     3 |     8 |       ||    11
       Potion            |       |     3 |       ||     3
Armor: Scale mail        |    32 |    36 |       ||    68
       Plate armour      |       |    22 |     4 ||    26
Dodge: Dodged            |    30 |    39 |     1 ||    70
Block: Buckler           |    18 |    37 |       ||    55

Table legend: (Time is in decaauts)
 A = Elapsed time spent in this place.
 B = Non-inter-level travel time spent in this place.
 C = Inter-level travel time spent in this place.
 D = Time resting spent in this place.
 E = Time spent auto-exploring this place.
 F = Levels seen in this place.
 G = Mean time per level.
                   A        B        C        D        E       F      G
               +--------+--------+--------+--------+--------+-----+--------+
         Total |   3612 |   3516 |     96 |    568 |   2165 |   5 |  722.4 |
       Dungeon |   3612 |   3516 |     96 |    568 |   2165 |   5 |  722.4 |
               +--------+--------+--------+--------+--------+-----+--------+

Top non-repeatable levels by time:
     D:2: 1160 daAuts
     D:1: 896 daAuts
     D:3: 776 daAuts
     D:4: 400 daAuts
     D:5: 377 daAuts
